 Dungeon Crawl Stone Soup version 0.31-a0-216-g22e908daa7 (webtiles) character file.

Game seed: 13084305755474541318

5714 qw the Skirmisher (level 10, -16/89 (94) HPs)
             Began as a Minotaur Hexslinger on July 2, 2023.
             Was a Believer of Okawaru.
             Demolished by an enormous slime creature (76 damage)
             ... on level 10 of the Dungeon.
             The game lasted 00:03:02 (8622 turns).

qw the Skirmisher (Minotaur Hexslinger)             Turns: 8622, Time: 00:03:03

HP:   -16/89 (94)   AC:  6    Str: 13    XL:     10   Next: 48%
MP:   11/12         EV: 16    Int: 10    God:    Okawaru [**....]
Gold: 586           SH:  5    Dex: 17    Spells: 10/11 levels left

rFire   . . .        p - +0 shortbow
rCold   . . .        (shield currently unavailable)
rNeg    . . .        a - +0 ring mail
rPois   .            (helmet restricted)
rElec   .            (no cloak)
rCorr   .            (no gloves)
SInv    .            (no boots)
Will    .....        d - amulet of reflection
Stlth   ++           n - +4 ring of slaying {mikee}
HPRegen 0.34/turn    (no ring)
MPRegen 0.13/turn

%: reflection
@: heroic, drained
A: horns 2, retaliatory headbutt
a: Renounce Religion, Heroism


You were on level 10 of the Dungeon.
You worshipped Okawaru.
Okawaru was pleased with you.
You visited 2 branches of the dungeon, and saw 11 of its levels.

You collected 608 gold pieces.
You spent 22 gold pieces at shops.


Innate Abilities, Weirdness & Mutations

You have a pair of horns on your head.
You reflexively headbutt those who attack you in melee.


   Skills:
 - Level 10.5(15.5) Fighting
 + Level 13.9(18.9) Ranged Weapons
 - Level 3.6(8.6) Armour
 - Level 5.9(10.9) Dodging
 - Level 1.0 Spellcasting
 - Level 2.0 Hexes
 - Level 4.3 Invocations


You had 10 spell levels left.
You knew the following spells:

 Your Spells              Type           Power      Damage    Failure   Level
a - Slow                  Hex            16%        N/A       28%         1

Your spell library contained the following spells:

 Spells                   Type           Power      Damage    Failure   Level
 Inner Flame              Hex/Fire       2%         N/A       77%         3
 Portal Projectile        Hex/Tloc       4%         N/A       77%         3
 Cause Fear               Hex            2%         N/A       95%         4

Inventory:

Hand Weapons
 p - a +0 shortbow (weapon)
Armour
 a - a +0 ring mail (worn)
Jewellery
 d - an amulet of reflection (around neck)
 j - a ring of ice
 n - a +4 ring of slaying (left hand) {mikee}
Scrolls
 g - a scroll of identify
Potions
 b - 4 potions of curing
 f - a potion of attraction {unknown}
 h - a potion of cancellation {unknown}
 i - 2 potions of mutation
 k - 2 potions of might
 l - 2 potions of haste
 m - a potion of invisibility {unknown}

Dungeon Overview and Level Annotations

Branches:
Dungeon (10/15)            Temple (1/1) D:4
   Lair: D:8-11         Orc: D:9-12

Altars:
Ashenzari
Cheibriados
Dithmenos
Elyvilon
Fedhas
Gozag
Hepliaklqana
Kikubaaqudgha
Makhleb
Nemelex Xobeh
Okawaru
Qazlal
Ru
Sif Muna
Trog
Uskayaw
Vehumet
Wu Jian
Xom
Yredelemnul
Zin
The Shining One

Shops:
D:1 =(**:

Annotations:
D:3 1 runed translucent door
D:5 2 transporters, qw's ghost, novice GrHs
D:9 exclusion: obsidian statue


Message History

The slime creature quivers. x3
Found a stone staircase leading up.
There is a stone staircase leading up here.
There are monsters nearby!
Waypoint 10 assigned to D:10.
8613 ||| INVOKING Heroism.
You gain the combat prowess of a mighty hero.
You shoot an arrow.
The arrow hits the two-headed ogre but does no damage.
You shoot an arrow. The arrow hits the two-headed ogre!
The two-headed ogre is lightly wounded.
You shoot an arrow. The arrow hits the two-headed ogre.
The two-headed ogre is moderately wounded.
You shoot an arrow.
The arrow completely misses the two-headed ogre.
The arrow hits the slime creature!
The slime creature is moderately wounded.
You block the two-headed ogre's attack. x2
Two slime creatures merge to form a large slime creature.
You shoot an arrow. The arrow hits the two-headed ogre.
The two-headed ogre is moderately wounded.
You shoot an arrow. The arrow hits the two-headed ogre!
The two-headed ogre is heavily wounded.
The two-headed ogre misses you.
The two-headed ogre hits you with a +0 dire flail!
You shoot an arrow. The arrow hits the two-headed ogre.
The two-headed ogre is heavily wounded.
Two slime creatures merge to form a very large slime creature.
Two slime creatures merge to form a large slime creature.
You shoot an arrow. The arrow hits the two-headed ogre!
The two-headed ogre is severely wounded.
Two slime creatures merge to form an enormous slime creature.
The two-headed ogre misses you. You furiously retaliate!
You headbutt the two-headed ogre.
The two-headed ogre hits you with a +0 dire flail!
You shoot an arrow. The arrow hits the two-headed ogre.
The two-headed ogre is severely wounded.
The large slime creature hits you!
The enormous slime creature hits you!!!!
Ouch! That really hurt!
You die...

.# .# .#
.#
########.#
.........#
.........#
.......@.#
......JOJ#
.........#
...<.....#
.........#
.........#
.........#
.........#


You could see an enormous slime creature, a large slime creature and a
two-headed ogre.

Vanquished Creatures
  A two-headed ogre (D:9)
  Pikel (D:4)
  An unseen horror (D:8)
  A kobold demonologist (D:9)
  Sigmund (D:4)
  2 wyverns
  Menkaure (D:6)
  Edmund (D:6)
  2 water moccasins (D:8)
  2 black bears
  Pargi (D:3)
  2 ice beasts
  2 orc warriors
  2 ogres
  2 centaurs (D:9)
  2 lemures (D:4)
  Blork the orc (D:6)
  3 bullfrogs
  3 gnoll sergeants
  A scorpion (D:4)
  10 wights
  6 howler monkeys
  3 killer bees (D:9)
  3 hounds
  An orc priest (D:9)
  A sleepcap (D:6)
  2 human zombies (D:3)
  2 jellies (D:6)
  7 orc wizards
  8 adders
  20 gnolls
  An ufetubus (D:5)
  A worm (D:2)
  2 dart slugs
  17 orcs
  6 ball pythons
  8 bats
  3 endoplasms
  3 giant cockroaches
  7 goblins
  8 hobgoblins
  2 jackals (D:5)
  5 quokkas
  5 frilled lizards
  A jackal zombie (D:3)
  8 kobolds
  5 rats
177 creatures vanquished.

Notes
Turn   | Place    | Note
-------+----------+-------------------------------------------
     0 | D:1      | qw the Minotaur Hexslinger began the quest for the Orb.
     0 | D:1      | Reached XP level 1. HP: 16/16 MP: 1/1
     0 | D:1      | 0 ||| qw: Version: 0.3-a-40-ge99b1a8
     0 | D:1      | 0 ||| qw: Game counter: 7943
     0 | D:1      | 0 ||| qw: Melee chars always use a shield: true
     0 | D:1      | 0 ||| qw: God list: Okawaru
     0 | D:1      | 0 ||| qw: Allow faded altars: false
     0 | D:1      | 0 ||| qw: Do Orc after clearing Dungeon:15 true
     0 | D:1      | 0 ||| qw: Do second Lair branch before Depths: true
     0 | D:1      | 0 ||| qw: Lair rune preference: random
     0 | D:1      | 0 ||| qw: Goals: Normal
     0 | D:1      | 0 ||| PLANNING D:1-11
    46 | D:1      | Found Cejiram's Book Shop.
    56 | D:1      | Found Gemuozox's General Store.
    92 | D:1      | 92 ||| SHOPLISTING +0 ring mail (44 gold, have 11).
    92 | D:1      | 92 ||| SHOPLISTING +3 robe of Devotion {rC+ Str+2 Int+2
                  | Dex+3} (488 gold, have 11).
    92 | D:1      | 92 ||| SHOPLISTING 3 scrolls of acquirement (1716 gold,
                  | have 11).
    92 | D:1      | 92 ||| SHOPLISTING amulet of faith (440 gold, have 11).
    92 | D:1      | 92 ||| SHOPLISTING scroll of identify (22 gold, have 11).
   107 | D:1      | Reached skill level 3 in Ranged Weapons
   107 | D:1      | Reached XP level 2. HP: 23/23 MP: 2/2
   123 | D:1      | 123 ||| FLEEEEING.
   124 | D:1      | 124 ||| FLEEEEING.
   202 | D:1      | Found Plog's Jewellery Shop.
   331 | D:1      | Found Zearipiy's General Store.
   345 | D:1      | 345 ||| SHOPLISTING +1 orcbow of flaming (146 gold, have
                  | 29).
   345 | D:1      | 345 ||| BUYING scroll of identify (22 gold).
   345 | D:1      | Bought a scroll of identify for 22 gold pieces
   612 | D:1      | Found Boklogem's Antique Weapon Shop.
   705 | D:1      | 705 ||| SHOPLISTING amulet of regeneration (300 gold, have
                  | 46).
   705 | D:1      | 705 ||| SHOPLISTING ring of Existentialism {rN+ Slay+4}
                  | (892 gold, have 46).
   705 | D:1      | 705 ||| SHOPLISTING ring of fire (250 gold, have 46).
   705 | D:1      | 705 ||| SHOPLISTING ring of poison resistance (200 gold,
                  | have 46).
   705 | D:1      | 705 ||| SHOPLISTING ring of resist corrosion (200 gold,
                  | have 46).
   705 | D:1      | 705 ||| UPGRADING to +0 leather armour.
   715 | D:1      | 715 ||| DROPPING +0 robe.
   716 | D:1      | 716 ||| READING scroll labelled GANOOTHR USKAUMMA.
   720 | D:1      | 720 ||| READING scroll labelled HYODGHON ASKYJ.
   721 | D:1      | 721 ||| READING scroll labelled ONAG EDDALYOCO.
   764 | D:1      | 764 ||| DRINKING 2 smoky clear potions.
   764 | D:1      | Reached skill level 10 in Ranged Weapons
   764 | D:1      | Reached XP level 3. HP: 29/29 MP: 3/3
   765 | D:1      | 765 ||| DRINKING potion of experience.
   765 | D:1      | Reached XP level 4. HP: 52/52 MP: 4/4
   766 | D:1      | 766 ||| DROPPING scroll of poison.
   820 | D:2      | Identified the +7 dagger "Zedgheel" {flame, rPois Int+3}
   839 | D:2      | Found an ornate altar of the Wu Jian Council.
   998 | D:2      | Reached XP level 5. HP: 59/59 MP: 5/5
  1005 | D:2      | Reached skill level 1 in Armour
  1181 | D:2      | Found a faded altar of an unknown god.
  1422 | D:2      | 1422 ||| UPGRADING to amulet of regeneration.
  1427 | D:2      | 1427 ||| DROPPING amulet of guardian spirit.
  1428 | D:2      | 1428 ||| READING scroll labelled UMUCVI WOLIUFO.
  1529 | D:2      | 1529 ||| READING scroll labelled OFIOM ORIORO.
  1530 | D:2      | 1530 ||| READING 7 scrolls of identify.
  1530 | D:2      | 1530 ||| IDENTIFYING pink potion
  1531 | D:2      | 1531 ||| READING 6 scrolls of identify.
  1531 | D:2      | 1531 ||| IDENTIFYING puce potion
  1532 | D:2      | 1532 ||| READING 5 scrolls of identify.
  1532 | D:2      | 1532 ||| IDENTIFYING metallic amethyst potion
  1626 | D:3      | Found a blossoming altar of Fedhas.
  1737 | D:3      | Noticed Pargi
  1738 | D:3      | 1738 ||| Stepping ~*~*~tactically~*~*~ (outnumbered).
  1740 | D:3      | 1740 ||| Stepping ~*~*~tactically~*~*~ (outnumbered).
  1741 | D:3      | 1741 ||| Stepping ~*~*~tactically~*~*~ (outnumbered).
  1742 | D:3      | 1742 ||| Stepping ~*~*~tactically~*~*~ (outnumbered).
  1760 | D:3      | 1760 ||| FLEEEEING.
  1761 | D:3      | 1761 ||| FLEEEEING.
  1762 | D:3      | 1762 ||| FLEEEEING.
  1763 | D:3      | 1763 ||| FLEEEEING.
  1764 | D:3      | 1764 ||| FLEEEEING.
  1780 | D:3      | Killed Pargi
  1781 | D:3      | Reached skill level 3 in Dodging
  1781 | D:3      | Reached XP level 6. HP: 48/67 MP: 6/6
  1825 | D:3      | Found a runed translucent door.
  1825 | D:3      | Noticed a human
  1859 | D:3      | Found a basalt altar of Yredelemnul.
  1884 | D:3      | Found a snail-covered altar of Cheibriados.
  1897 | D:3      | Found a sacrificial altar of Ru.
  2231 | D:3      | 2231 ||| READING scroll labelled NICWIE ACROFO.
  2232 | D:3      | 2232 ||| READING scroll labelled CASAEN VALUT.
  2233 | D:3      | 2233 ||| READING scroll labelled ATOFEZU DYISE.
  2234 | D:3      | 2234 ||| DRINKING 2 sedimented brown potions.
  2235 | D:3      | 2235 ||| READING 4 scrolls of identify.
  2235 | D:3      | 2235 ||| IDENTIFYING red potion
  2236 | D:3      | 2236 ||| READING 3 scrolls of identify.
  2236 | D:3      | 2236 ||| IDENTIFYING orange potion
  2237 | D:3      | 2237 ||| READING 2 scrolls of identify.
  2237 | D:3      | 2237 ||| IDENTIFYING glowing clear potion
  2238 | D:3      | 2238 ||| DROPPING potion of brilliance.
  2239 | D:3      | 2239 ||| DROPPING potion of degeneration.
  2282 | D:4      | Noticed Sigmund
  2287 | D:4      | Killed Sigmund
  2288 | D:4      | Reached skill level 11 in Ranged Weapons
  2288 | D:4      | Reached XP level 7. HP: 73/73 MP: 7/7
  2379 | D:4      | Found a staircase to the Ecumenical Temple.
  2380 | D:4      | 2380 ||| PLANNING TEMPLE
  2388 | Temple   | Entered the Ecumenical Temple
  2405 | Temple   | 2405 ||| PLANNING OKAWARU WORSHIP
  2603 | Temple   | Became a worshipper of Warmaster Okawaru
  2604 | Temple   | 2604 ||| PLANNING D:1-11
  2697 | D:4      | Found a broken altar of Ashenzari.
  2883 | D:4      | Noticed Pikel
  2894 | D:4      | HP: 17/73 [Pikel/+2 whip of flaming (4)]
  2895 | D:4      | 2895 ||| DRINKING 2 potions of heal wounds.
  2897 | D:4      | Killed Pikel
  2897 | D:4      | Reached * piety under Okawaru
  2898 | D:4      | Reached XP level 8. HP: 31/80 MP: 8/8
  3045 | D:4      | 3045 ||| INVOKING Heroism.
  3277 | D:4      | 3277 ||| UPGRADING to amulet of reflection.
  3287 | D:4      | 3287 ||| DROPPING amulet of regeneration.
  3288 | D:4      | 3288 ||| READING scroll labelled DEXIARIAGO.
  3359 | D:5      | Entered Level 5 of the Dungeon
  3368 | D:5      | 3368 ||| INVOKING Heroism.
  3374 | D:5      | Reached skill level 1 in Invocations
  3545 | D:5      | Reached ** piety under Okawaru
  3668 | D:5      | 3668 ||| Stepping ~*~*~tactically~*~*~ (outnumbered).
  3670 | D:5      | 3670 ||| Stepping ~*~*~tactically~*~*~ (outnumbered).
  3672 | D:5      | 3672 ||| Stepping ~*~*~tactically~*~*~ (outnumbered).
  3676 | D:5      | 3676 ||| Stepping ~*~*~tactically~*~*~ (outnumbered).
  3679 | D:5      | 3679 ||| FLEEEEING.
  3680 | D:5      | 3680 ||| FLEEEEING.
  3686 | D:5      | 3686 ||| INVOKING Heroism.
  3936 | D:5      | Noticed qw's ghost (novice GrHs)
  3951 | D:5      | Found a transporter.
  3993 | D:5      | Found a transporter.
  4103 | D:6      | Noticed Menkaure
  4104 | D:6      | 4104 ||| INVOKING Heroism.
  4109 | D:6      | Killed Menkaure
  4121 | D:6      | 4121 ||| STAIRDANCE
  4338 | D:6      | Noticed Edmund
  4339 | D:6      | 4339 ||| INVOKING Heroism.
  4345 | D:6      | Killed Edmund
  4397 | D:6      | 4397 ||| INVOKING Heroism.
  4399 | D:6      | Reached XP level 9. HP: 86/86 MP: 7/10
  4434 | D:6      | Noticed Blork the orc
  4435 | D:6      | 4435 ||| INVOKING Heroism.
  4437 | D:6      | Killed Blork the orc
  4484 | D:6      | Found a hide-covered altar of Uskayaw.
  4700 | D:6      | 4700 ||| Stepping ~*~*~tactically~*~*~ (outnumbered).
  4702 | D:6      | 4702 ||| Stepping ~*~*~tactically~*~*~ (outnumbered).
  4705 | D:6      | Reached skill level 3 in Invocations
  4710 | D:6      | 4710 ||| INVOKING Heroism.
  4914 | D:6      | 4914 ||| INVOKING Heroism.
  5136 | D:6      | 5136 ||| UPGRADING to +0 ring mail.
  5146 | D:6      | 5146 ||| DROPPING +0 leather armour.
  5147 | D:6      | 5147 ||| UPGRADING to +4 ring of slaying {mikee}.
  5148 | D:6      | 5148 ||| READING scroll labelled XIEMYTUXUMN.
  5222 | D:7      | 5222 ||| Stepping ~*~*~tactically~*~*~ (outnumbered).
  5224 | D:7      | 5224 ||| Stepping ~*~*~tactically~*~*~ (outnumbered).
  5226 | D:7      | 5226 ||| Stepping ~*~*~tactically~*~*~ (outnumbered).
  5237 | D:7      | 5237 ||| INVOKING Heroism.
  5758 | D:7      | 5758 ||| DROPPING ring of flight.
  5759 | D:7      | 5759 ||| DRINKING 2 blue potions.
  5767 | D:7      | 5767 ||| INVOKING Heroism.
  5878 | D:7      | 5878 ||| DROPPING potion of berserk rage.
  5945 | D:8      | Killed an unseen horror
  6137 | D:8      | Reached skill level 12 in Ranged Weapons
  6222 | D:8      | 6222 ||| INVOKING Heroism.
  6224 | D:8      | Reached skill level 3 in Armour
  6452 | D:8      | 6452 ||| Stepping ~*~*~tactically~*~*~ (outnumbered).
  6557 | D:8      | 6557 ||| INVOKING Heroism.
  6715 | D:8      | 6715 ||| DRINKING 5 potions of curing.
  6715 | D:8      | 6715 ||| (to cure confusion)
  6716 | D:8      | 6716 ||| INVOKING Heroism.
  7181 | D:8      | 7181 ||| READING scroll labelled ZUETAE JOSCHI.
  7240 | D:9      | Noticed a two-headed ogre
  7241 | D:9      | 7241 ||| INVOKING Heroism.
  7246 | D:9      | Killed a two-headed ogre
  7247 | D:9      | Reached skill level 13 in Ranged Weapons
  7247 | D:9      | Reached XP level 10. HP: 50/94 MP: 9/12
  7397 | D:9      | 7397 ||| INVOKING Heroism.
  7458 | D:9      | 7458 ||| FLEEEEING.
  7742 | D:9      | 7742 ||| SWAPPING to +0 shortbow.
  7743 | D:9      | 7743 ||| DROPPING +1 heavy sling.
  7762 | D:9      | 7762 ||| INVOKING Heroism.
  7828 | D:9      | 7828 ||| FLEEEEING.
  7829 | D:9      | 7829 ||| FLEEEEING.
  7830 | D:9      | 7830 ||| FLEEEEING.
  7831 | D:9      | 7831 ||| FLEEEEING.
  7833 | D:9      | 7833 ||| FLEEEEING.
  7925 | D:9      | Noticed a rust devil
  8208 | D:9      | 8208 ||| INVOKING Heroism.
  8331 | D:9      | Noticed an obsidian statue
  8332 | D:9      | 8332 ||| INVOKING Heroism.
  8333 | D:9      | Noticed a smoke demon
  8335 | D:9      | Noticed a smoke demon
  8341 | D:9      | Noticed a soul eater
  8349 | D:9      | 8349 ||| DROPPING amulet of the acrobat.
  8353 | D:9      | HP: 12/94 [soul eater[an obsidian statue] (16)]
  8354 | D:9      | 8354 ||| READING scroll of teleportation.
  8355 | D:9      | 8355 ||| DRINKING 2 potions of heal wounds.
  8356 | D:9      | 8356 ||| INVOKING Heroism.
  8357 | D:9      | 8357 ||| DRINKING potion of heal wounds.
  8358 | D:9      | HP: 19/89 [soul eater[an obsidian statue] (15)]
  8612 | D:10     | Entered Level 10 of the Dungeon
  8612 | D:10     | Noticed a two-headed ogre
  8613 | D:10     | 8613 ||| INVOKING Heroism.
  8622 | D:10     | Demolished by an enormous slime creature

Levels and vault maps discovered:
D:1:      lemuel_arrival_muddy, layout_loops_ring, serial_shops,
          nicolae_shop_tiny_glass, shop, nicolae_shop_stone, shop, shop,
          st_stairs_13
D:2:      layout_basic, basic_altar, hellmonk_ecumenical_altar_crossroads
D:3:      layout_basic, dk_yredelemnul_ordeal, nicolae_ru_the_path_less_chosen,
          fedhas_altar_3, cheibriados_altar_1, minmay_ruptured, uniq_pargi
D:4:      layout_basic, overflow_temple_1_default,
          minmay_temple_entry_purple_smoke, uniq_sigmund, uniq_pikel
D:5:      layout_loops_ring, gammafunk_ghost_stat_death, minivault_14
D:6:      layout_loops_corners, nicolae_uskayaw_murder_on_the_dancefloor,
          uniq_menkaure, uniq_edmund, uniq_blork_the_orc
D:7:      layout_loops_ring
D:8:      layout_loops_ring, enter_bailey_7, st_stairs_5, sigmund_army
D:9:      layout_roguey, minmay_protected_statue
D:10:     layout_small_grid, mainiacjoe_overflow_tiny_flanked, orc_0_dummy,
          nicolae_wwwww, minmay_pinched_square
Temple:   regret_index_temple_generic_petals

Skill      XL: |  1  2  3  4  5  6  7  8  9 |
---------------+----------------------------+-----
Ranged Weapons | 3 10 11 13 | 13.9
Fighting       | 2 10 | 10.5
Armour         | 1 3 |  3.6
Dodging        | 3 5 |  5.9
Invocations    | 2 4 |  4.3
Spellcasting   | |  1.0
Hexes          | |  2.0

Action                     |  1- 3 |  4- 6 |  7- 9 | 10-12 || total
---------------------------+-------+-------+-------+-------++-------
   Fire: Sling             |    71 |   140 |   233 |    26 ||   470
         Shortbow          |       |       |       |   132 ||   132
 Invoke: Heroism           |       |       |    15 |     6 ||    21
    Use: Scroll            |     3 |    11 |     3 |     1 ||    18
         Potion            |     2 |     1 |     3 |     2 ||     8
 Armour: Robe              |    19 |       |       |       ||    19
         Leather armour    |       |     8 |     1 |       ||     9
         Ring mail         |       |       |    19 |    10 ||    29
  Dodge: Dodged            |    31 |    48 |    61 |    67 ||   207
  Block: Other             |       |       |    25 |    28 ||    53
         Reflection        |       |       |     1 |     6 ||     7

Table legend:
 A = Non-vault XP
 B = Vault XP
 C = Vault XP percentage of total XP
 D = Non-vault monster count
 E = Vault monster count
 F = Vault count percentage of total count
                 A         B        C        D         E       F
            +---------+---------+-------+---------+---------+-------
      Total |    5985 |    2044 |  25.5 |     148 |      27 |  15.4
            +---------+---------+-------+---------+---------+-------
        D:1 |      31 |       2 |   6.1 |      18 |       1 |   5.3
        D:2 |      51 |       0 |   0.0 |      16 |       0 |   0.0
        D:3 |      89 |     224 |  71.6 |      10 |       9 |  47.4
        D:4 |     303 |     886 |  74.5 |       9 |       2 |  18.2
        D:5 |     497 |       0 |   0.0 |      15 |       0 |   0.0
        D:6 |     451 |     429 |  48.8 |      14 |       3 |  17.6
        D:7 |     636 |       0 |   0.0 |      17 |       0 |   0.0
        D:8 |    1243 |     503 |  28.8 |      16 |      12 |  42.9
        D:9 |    2684 |       0 |   0.0 |      33 |       0 |   0.0
            +---------+---------+-------+---------+---------+-------
